 Dungeon Crawl Stone Soup version 0.22-a0-240-g539252a (webtiles) character file.

1557 tidbits the Firebug (level 8, 0/59 HPs)
             Began as a Gnoll Fire Elementalist on Feb 21, 2018.
             Slain by a centaur (7 damage)
             ... on level 6 of the Dungeon.
             The game lasted 00:14:17 (1350 turns).

tidbits the Firebug (Gnoll Fire Elementalist)       Turns: 1350, Time: 00:14:18

Health: 0/59       AC:  6    Str: 15    XL:     8   Next: 88%
Magic:  1/17       EV: 16    Int: 20    God:
Gold:   83         SH:  0    Dex: 16    Spells: 6/19 levels left

rFire    . . .     SeeInvis .   u - +0 war axe (holy)
rCold    . . .     Gourm    .   (no shield)
rNeg     . . .     Faith    .   B - +1 robe
rPois    .         Spirit   .   (no helmet)
rElec    .         Reflect  .   (no cloak)
rCorr    .         Harm     .   (no gloves)
MR       .....     Rnd*Tele +   F - +2 pair of boots {run}
Stlth    ++........             (no amulet)
HPRegen  0.19/turn              m - ring of loudness (curse)
MPRegen  0.15/turn              x - ring of teleportation (curse)

@: mighty, quick
A: distributed training, fangs 1, strong nose
a: no special abilities


You were on level 6 of the Dungeon.
You were very hungry.

You visited 1 branch of the dungeon, and saw 6 of its levels.

You collected 83 gold pieces.

Inventory:

Hand Weapons
 f - a +0 club
 g - a +0 short sword
 l - a +0 falchion
 q - a +0 scythe
 t - a +4 dire flail of holy wrath
   (You took it off Edmund on level 5 of the Dungeon)
 u - a +0 war axe of holy wrath (weapon)
   (You found it on level 5 of the Dungeon)
 y - a +0 dagger
 z - a +0 falchion of electrocution
   (You took it off Eustachio on level 5 of the Dungeon)
Missiles
 d - 79 stones (quivered)
 n - 17 bolts
 C - 48 arrows
Armour
 B - a +1 robe (worn)
 F - a +2 pair of boots of running (worn)
   (You found it on level 2 of the Dungeon)
Magical Staves
 w - an uncursed staff of wizardry {!a}
   (You found it on level 3 of the Dungeon)
 A - an uncursed staff of conjuration {unknown}
   (You found it on level 5 of the Dungeon)
Jewellery
 c - an uncursed ring of positive energy
   (You found it on level 1 of the Dungeon)
 m - a cursed ring of loudness (left hand)
   (You found it on level 3 of the Dungeon)
 x - a cursed ring of teleportation (right hand)
   (You found it on level 6 of the Dungeon)
 V - a +2 ring of evasion
   (You found it on level 3 of the Dungeon)
Wands
 r - a wand of acid (8)
Scrolls
 i - a scroll of random uselessness
 j - a scroll of teleportation
 k - a scroll of blinking
 p - 2 scrolls of amnesia
 s - a scroll of enchant armour
Potions
 a - a potion of might
 e - a potion of curing {unknown}
 v - a potion of flight {unknown}
Comestibles
 b - 4 rations


   Skills:
 + Level 3.6 Fighting
 + Level 3.6 Short Blades
 + Level 3.6 Long Blades
 + Level 3.6 Axes
 + Level 3.6 Maces & Flails
 + Level 3.6 Polearms
 + Level 3.6 Staves
 + Level 3.6 Slings
 + Level 3.6 Bows
 + Level 3.6 Crossbows
 + Level 3.6 Throwing
 + Level 3.6 Armour
 + Level 5.9 Dodging
 + Level 5.6 Stealth
 + Level 3.6 Shields
 + Level 3.6 Unarmed Combat
 + Level 6.2 Spellcasting
 + Level 3.7 Conjurations
 + Level 2.9 Hexes
 + Level 2.9 Charms
 + Level 2.9 Summonings
 + Level 2.9 Necromancy
 + Level 2.9 Translocations
 + Level 2.9 Transmutations
 + Level 6.2 Fire Magic
 + Level 2.9 Ice Magic
 + Level 2.9 Air Magic
 + Level 2.9 Earth Magic
 + Level 2.9 Poison Magic
 + Level 4.0 Invocations
 + Level 3.6 Evocations


You had 6 spell levels left.
You knew the following spells:

 Your Spells              Type           Power        Failure   Level  Hunger
a - Flame Tongue          Conj/Fire      ####.        1%          1    None
c - Conjure Flame         Conj/Fire      ####....     4%          3    ##.....
j - Throw Flame           Conj/Fire      ####..       1%          2    None
t - Sticky Flame          Conj/Fire      ####....     13%         4    ####...
u - Confuse               Hex            ###.....     9%          3    ##.....


Dungeon Overview and Level Annotations

Branches:
Dungeon (6/15)
 Temple: D:4-7

Altars:
Makhleb
Okawaru
Ru
Wu Jian
Yredelemnul
The Shining One

Shops:
D:6 }


Innate Abilities, Weirdness & Mutations

Your experience applies equally to all skills.
You have very sharp teeth.
Your uncanny sense of smell can sniff out nearby items.


Message History

The phantom misses you.
You closely miss the phantom. Your punch misses the phantom.
The phantom is moderately damaged.
The phantom barely misses you. The phantom closely misses you.
You barely miss the phantom.
The phantom is moderately damaged.
The phantom hits you but does no damage.
You barely miss the phantom.
The phantom is moderately damaged.
The phantom hits you.
* * * LOW HITPOINT WARNING * * *
You slash the phantom!
The phantom convulses!
Your bite misses the phantom.
The phantom is almost destroyed.
The phantom blinks!
Things that are here:
an uncursed shortbow; 14 arrows; 15 gold pieces
C - 37 arrows (gained 14)
You now have enough gold to buy a wand of paralysis (5) on this level.
You can access your shopping list by pressing '$'.
You now have 83 gold pieces (gained 15).
You are feeling very hungry.
The phantom blinks!
The phantom blinks!
You see here 10 arrows.
A sky beast comes into view.
The sky beast moves out of view.
You see here 10 arrows.
C - 47 arrows (gained 10)
The phantom hits you but does no damage.
You barely miss the phantom.
The phantom is severely damaged.
The phantom misses you. The phantom hits you!
* * * LOW HITPOINT WARNING * * *
The phantom blinks!
The sky beast barely misses you.
You slash the sky beast! Your bite misses the sky beast.
The sky beast is heavily wounded.
The sky beast hits you but does no damage.
You slash the sky beast!
The sky beast is almost dead.
The sky beast hits you.
* * * LOW HITPOINT WARNING * * *
The sky beast shocks you.
* * * LOW HITPOINT WARNING * * *
The phantom blinks!
The sky beast hits you but does no damage.
You completely miss the sky beast. Your bite misses the sky beast.
The sky beast is almost dead.
The sky beast flickers out of sight!
Something hits you but does no damage.
You feel much better. Something hits you but does no damage.
You slash the phantom!
The phantom convulses.
You destroy the phantom!
You hit something.
You feel a bit more experienced.
Okay, then.
Throwing (i - inventory. (/) - cycle)
o - a tomahawk (quivered)
Press: ? - help, Shift-Dir - straight line, f - iguana
Aim: an iguana You throw a tomahawk.
The tomahawk barely misses the iguana.
You hit the iguana. You bite the iguana.
The iguana is severely wounded.
The iguana bites you.
You slash the iguana!
You kill the iguana!
Your Invocations skill increases to level 4!
The centaur shouts!
The centaur wields a glowing shortbow.
It is covered in frost.
The centaur shoots an arrow.
The arrow hits you!
* * * LOW HITPOINT WARNING * * *
The arrow freezes you.
* * * LOW HITPOINT WARNING * * *
You see here an arrow.
The centaur shoots an arrow.
The arrow hits you!
* * * LOW HITPOINT WARNING * * *
The arrow freezes you.
* * * LOW HITPOINT WARNING * * *
You see here an arrow.
Casting: Sticky Flame (safe; 13% risk of failure)
Confirm with . or Enter, or press ? or * to list all spells.
Aiming: Conjure Flame (safe; 4% risk of failure)
Press: ? - help, Dir - move target cursor, f - you
Okay, then.
Casting: Conjure Flame (safe; 4% risk of failure)
Confirm with . or Enter, or press ? or * to list all spells.
Aiming: Confuse (safe; 9% risk of failure)
Press: ? - help, Shift-Dir - straight line, f - centaur
Aim: a centaur, wielding a shortbow of freezing (chance to defeat MR: 49%)
The centaur resists with some effort.
C - 48 arrows (gained 1)
The centaur unwields an uncursed shortbow of freezing.
The centaur hits you!
* * * LOW HITPOINT WARNING * * *
Casting: Confuse (safe; 9% risk of failure)
Confirm with . or Enter, or press ? or * to list all spells.
Aiming: Sticky Flame (safe; 13% risk of failure)
Press: ? - help, Shift-Dir - straight line, f/p - centaur
Aim: a centaur The sticky flame hits the centaur.
The centaur appears unharmed.
The centaur is covered in liquid flames!
The centaur burns!
The centaur closely misses you. The centaur hits you!
You die...

####)####.......#..#.##
*,* *,*,
.(...)[)).............#
*,* *,*,
..#######.............#
*,* *,*, #.#
##...†.##..##.# *,*
*,*, #(# ##....##..##.#
*,# *,*, #†#
##.#.....##.###.# *,*,
#.#
#.###.((.......###*,*,
#.# #.#
#.#.#.<.......,,*, ..#
#.#*#@#........###*,**
### #.##..c.......##
*,**
#...>#....##..#****,**
####............,,,,**
##........!###**,,*
###.#.##...,,,,,∩,
#.#.#*,.##***,**
*.#,#*,,,,,,,,,,
*,*,**,******,*,


You could see a centaur (burning).

Vanquished Creatures
  Sigmund (D:5)
  Eustachio (D:5)
  Edmund (D:5)
  An ice beast (D:6)
  A sky beast (D:6)
  2 phantoms (D:6)
  2 ogres
  2 centaurs
  A scorpion (D:5)
  2 centaur zombies
  2 orc priests (D:6)
  A bullfrog skeleton (D:4)
  An iguana (D:6)
  2 orc wizards (D:6)
  A centaur skeleton (D:5)
  A worker ant (D:5)
  A killer bee zombie (D:5)
  A hound skeleton (D:5)
  5 adders
  A shadow imp (D:6)
  An ooze (D:4)
  3 leopard geckos
  7 orcs
  A ball python (D:1)
  4 bats
  A goblin (D:1)
  5 hobgoblins
  3 jackals (D:1)
  A kobold (D:3)
  2 frilled lizards
  A jackal skeleton (D:5)
  5 rats
64 creatures vanquished.

Notes
Turn   | Place    | Note
-------+----------+-------------------------------------------
     0 | D:1      | tidbits the Gnoll Fire Elementalist began the quest for the Orb.
     0 | D:1      | Reached XP level 1. HP: 13/13 MP: 6/6
    68 | D:1      | Reached skill level 2 in Conjurations
    75 | D:1      | Reached XP level 2. HP: 18/19 MP: 0/7
    79 | D:1      | Learned a level 2 spell: Throw Flame
   297 | D:2      | Reached skill level 5 in Spellcasting
   297 | D:2      | Reached XP level 3. HP: 25/25 MP: 1/9
   304 | D:2      | Learned a level 3 spell: Conjure Flame
   331 | D:3      | Found an iron altar of Okawaru.
   364 | D:2      | Identified a +2 pair of boots of running (You found it on level 2 of the Dungeon)
   374 | D:3      | Found a burning altar of Makhleb.
   486 | D:4      | Reached skill level 1 in Invocations
   546 | D:4      | Learned a level 3 spell: Confuse
   565 | D:4      | Reached skill level 1 in Fighting
   565 | D:4      | Reached skill level 1 in Short Blades
   565 | D:4      | Reached skill level 1 in Long Blades
   565 | D:4      | Reached skill level 1 in Axes
   565 | D:4      | Reached skill level 1 in Maces & Flails
   565 | D:4      | Reached skill level 1 in Polearms
   565 | D:4      | Reached skill level 1 in Staves
   565 | D:4      | Reached skill level 1 in Slings
   565 | D:4      | Reached skill level 1 in Bows
   565 | D:4      | Reached skill level 1 in Crossbows
   565 | D:4      | Reached skill level 1 in Throwing
   565 | D:4      | Reached skill level 1 in Armour
   565 | D:4      | Reached skill level 1 in Shields
   565 | D:4      | Reached skill level 1 in Unarmed Combat
   565 | D:4      | Reached skill level 1 in Evocations
   565 | D:4      | Reached XP level 4. HP: 30/32 MP: 1/11
   572 | D:5      | Entered Level 5 of the Dungeon
   577 | D:5      | Noticed Sigmund
   676 | D:4      | Reached skill level 1 in Hexes
   676 | D:4      | Reached skill level 1 in Charms
   676 | D:4      | Reached skill level 1 in Summonings
   676 | D:4      | Reached skill level 1 in Necromancy
   676 | D:4      | Reached skill level 1 in Translocations
   676 | D:4      | Reached skill level 1 in Transmutations
   676 | D:4      | Reached skill level 1 in Ice Magic
   676 | D:4      | Reached skill level 1 in Air Magic
   676 | D:4      | Reached skill level 1 in Earth Magic
   676 | D:4      | Reached skill level 1 in Poison Magic
   704 | D:5      | Noticed a centaur
   709 | D:5      | Noticed Eustachio
   724 | D:4      | Learned a level 4 spell: Sticky Flame
   761 | D:5      | Killed Sigmund
   761 | D:5      | Reached skill level 2 in Invocations
   761 | D:5      | Reached XP level 5. HP: 34/38 MP: 0/12
   761 | D:5      | Reached XP level 6. HP: 40/44 MP: 0/13
   774 | D:5      | Reached skill level 2 in Fighting
   774 | D:5      | Reached skill level 2 in Short Blades
   774 | D:5      | Reached skill level 2 in Long Blades
   774 | D:5      | Reached skill level 2 in Axes
   774 | D:5      | Reached skill level 2 in Maces & Flails
   774 | D:5      | Reached skill level 2 in Polearms
   774 | D:5      | Reached skill level 2 in Staves
   774 | D:5      | Reached skill level 2 in Slings
   774 | D:5      | Reached skill level 2 in Bows
   774 | D:5      | Reached skill level 2 in Crossbows
   774 | D:5      | Reached skill level 2 in Throwing
   774 | D:5      | Reached skill level 2 in Armour
   774 | D:5      | Reached skill level 5 in Dodging
   774 | D:5      | Reached skill level 2 in Shields
   774 | D:5      | Reached skill level 2 in Unarmed Combat
   774 | D:5      | Reached skill level 2 in Evocations
   912 | D:5      | Noticed Edmund
   919 | D:5      | Killed Edmund
   919 | D:5      | Reached XP level 7. HP: 38/51 MP: 1/15
   930 | D:5      | Found a glowing golden altar of the Shining One.
   933 | D:5      | Found a basalt altar of Yredelemnul.
   960 | D:5      | Reached skill level 2 in Hexes
   960 | D:5      | Reached skill level 2 in Charms
   960 | D:5      | Reached skill level 2 in Summonings
   960 | D:5      | Reached skill level 2 in Necromancy
   960 | D:5      | Reached skill level 2 in Translocations
   960 | D:5      | Reached skill level 2 in Transmutations
   960 | D:5      | Reached skill level 2 in Ice Magic
   960 | D:5      | Reached skill level 2 in Air Magic
   960 | D:5      | Reached skill level 2 in Earth Magic
   960 | D:5      | Reached skill level 2 in Poison Magic
  1009 | D:6      | Found an ornate altar of the Wu Jian Council.
  1029 | D:6      | Reached skill level 3 in Conjurations
  1037 | D:6      | Found a sacrificial altar of Ru.
  1096 | D:6      | Reached skill level 5 in Stealth
  1098 | D:6      | Found Xot Fenk's Gadget Shop.
  1131 | D:6      | Reached skill level 3 in Invocations
  1148 | D:5      | Killed Eustachio
  1148 | D:5      | Reached skill level 6 in Fire Magic
  1148 | D:5      | Reached XP level 8. HP: 44/57 MP: 0/16
  1174 | D:5      | Reached skill level 3 in Fighting
  1174 | D:5      | Reached skill level 3 in Short Blades
  1174 | D:5      | Reached skill level 3 in Long Blades
  1174 | D:5      | Reached skill level 3 in Axes
  1174 | D:5      | Reached skill level 3 in Maces & Flails
  1174 | D:5      | Reached skill level 3 in Polearms
  1174 | D:5      | Reached skill level 3 in Staves
  1174 | D:5      | Reached skill level 3 in Slings
  1174 | D:5      | Reached skill level 3 in Bows
  1174 | D:5      | Reached skill level 3 in Crossbows
  1174 | D:5      | Reached skill level 3 in Throwing
  1174 | D:5      | Reached skill level 3 in Armour
  1174 | D:5      | Reached skill level 3 in Shields
  1174 | D:5      | Reached skill level 3 in Unarmed Combat
  1174 | D:5      | Reached skill level 3 in Evocations
  1278 | D:6      | Reached skill level 6 in Spellcasting
  1334 | D:6      | HP: 4/58 [sky beast (6)]
  1344 | D:6      | Reached skill level 4 in Invocations
  1350 | D:6      | Slain by a centaur

Vault maps used:
D:1:      matt_arrival_spirals, minmay_misc_feat_room, minmay_cut_off
D:2:      nicolae_overflow_crystal_walls, lemuel_crystal_altar, uniq_natasha
D:3:      grunt_temple_overflow_lords_of_destruction, lemuel_doored_altar
D:5:      grunt_temple_overflow_holy_war, first_ration, uniq_crazy_yiuf_cottage,
          uniq_eustachio, uniq_sigmund, uniq_edmund
D:6:      lemuel_crystal_altar, basic_altar, serial_shops, shop, shop,
          shop_statue

Skill      XL: |  1  2  3  4  5  6  7  8 |
---------------+-------------------------+-----
Conjurations   | 2 3 |  3.7
Spellcasting   | 5 6 |  6.2
Invocations    | 1 2 3 4 |  4.0
Fighting       | 1 2 3 |  3.6
Short Blades   | 1 2 3 |  3.6
Long Blades    | 1 2 3 |  3.6
Axes           | 1 2 3 |  3.6
Maces & Flails | 1 2 3 |  3.6
Polearms       | 1 2 3 |  3.6
Staves         | 1 2 3 |  3.6
Slings         | 1 2 3 |  3.6
Bows           | 1 2 3 |  3.6
Crossbows      | 1 2 3 |  3.6
Throwing       | 1 2 3 |  3.6
Armour         | 1 2 3 |  3.6
Shields        | 1 2 3 |  3.6
Unarmed Combat | 1 2 3 |  3.6
Evocations     | 1 2 3 |  3.6
Hexes          | 1 2 |  2.9
Charms         | 1 2 |  2.9
Summonings     | 1 2 |  2.9
Necromancy     | 1 2 |  2.9
Translocations | 1 2 |  2.9
Transmutations | 1 2 |  2.9
Ice Magic      | 1 2 |  2.9
Air Magic      | 1 2 |  2.9
Earth Magic    | 1 2 |  2.9
Poison Magic   | 1 2 |  2.9
Dodging        | 5 |  5.9
Stealth        | 5 |  5.6
Fire Magic     | 6 |  6.2

Action                   |  1- 3 |  4- 6 |  7- 9 || total
-------------------------+-------+-------+-------++-------
Melee: Unarmed           |     2 |       |       ||     2
       Club              |     4 |       |       ||     4
       Bite              |     1 |     3 |    11 ||    15
       Falchion          |       |    23 |    37 ||    60
       War axe           |       |       |    31 ||    31
       Punch             |       |       |     1 ||     1
Throw: Tomahawk          |       |     3 |     1 ||     4
       Stone             |       |     2 |       ||     2
 Cast: Flame Tongue      |    54 |    24 |    20 ||    98
       Sticky Flame      |       |     4 |     8 ||    12
       Confuse           |       |       |     1 ||     1
Evoke: Wand              |       |     2 |       ||     2
  Use: Scroll            |       |     7 |     3 ||    10
       Potion            |       |       |     2 ||     2
 Stab: Sleeping          |     1 |       |     1 ||     2
       Distracted        |       |       |     1 ||     1
  Eat: Chunk             |       |       |     2 ||     2
Armor: Robe              |     5 |     3 |    19 ||    27
Dodge: Dodged            |    22 |    34 |    53 ||   109
       Rpst.: Falchion   |       |    11 |     9 ||    20

Table legend:
 A = Spawn XP
 B = Non-spawn XP
 C = Spawn XP percentage of total XP
 D = Spawn monster count
 E = Non-spawn monster count
 F = Spawn count percentage of total count
 G = Total turns spent on level
                    A         B        C        D         E        F      G
               +---------+---------+-------+---------+---------+-------+---------
         Total |       0 |    2225 |   0.0 |       0 |      64 |   0.0 |  1350
               +---------+---------+-------+---------+---------+-------+---------
           D:1 |       0 |      26 |   0.0 |       0 |      14 |   0.0 |   258
           D:2 |       0 |      18 |   0.0 |       0 |       5 |   0.0 |    80
           D:3 |       0 |       7 |   0.0 |       0 |       5 |   0.0 |   120
           D:4 |       0 |      96 |   0.0 |       0 |       8 |   0.0 |   269
           D:5 |       0 |    1066 |   0.0 |       0 |      14 |   0.0 |   364
           D:6 |       0 |    1012 |   0.0 |       0 |      18 |   0.0 |   259
               +---------+---------+-------+---------+---------+-------+---------

Table legend:
 A = Turns spent in this place as a percentage of turns spent in the entire game.
 B = Non-inter-level travel turns spent in this place as a percentage of non-inter-level travel turns spent in the entire game.
 C = Inter-level travel turns spent in this place as a percentage of turns spent in this place.
 D = Turns resting spent in this place as a percentage of non-inter-level travel turns spent in this place.
 E = Turns spent auto-exploring this place as a percentage of non-inter-level travel turns spent in this place.
 F = Non-inter-level travel turns spent in this place divided by the number of levels of this place that you've seen.
                   A       B       C       D       E      F
               +-------+-------+-------+-------+-------+----------------------
         Total | 100.0 | 100.0 |   1.5 |   0.0 |   0.0 | 221.7
       Dungeon | 100.0 | 100.0 |   1.5 |   0.0 |   0.0 | 221.7
               +-------+-------+-------+-------+-------+----------------------

Table legend:
 A = Kills in this place as a percentage of kills in entire the game.
 B = Kills by you in this place as a percentage of kills by you in the entire game.
 C = Kills by friends in this place as a percentage of kills by friends in the entire game.
 D = Other kills in this place as a percentage of other kills in the entire game.
 E = Experience gained in this place as a percentage of experience gained in the entire game.
 F = Experience gained in this place divided by the number of levels of this place that you have seen.
                   A       B       C       D       E      F
               +-------+-------+-------+-------+-------+----------------------
         Total | 100.0 | 100.0 |   N/A |   N/A | 100.0 | 370.8
       Dungeon | 100.0 | 100.0 |   N/A |   N/A | 100.0 | 370.8
               +-------+-------+-------+-------+-------+----------------------

Vault maps used:
D:1:      matt_arrival_spirals, minmay_misc_feat_room, minmay_cut_off
D:2:      nicolae_overflow_crystal_walls, lemuel_crystal_altar, uniq_natasha
D:3:      grunt_temple_overflow_lords_of_destruction, lemuel_doored_altar
D:5:      grunt_temple_overflow_holy_war, first_ration, uniq_crazy_yiuf_cottage,
          uniq_eustachio, uniq_sigmund, uniq_edmund
D:6:      lemuel_crystal_altar, basic_altar, serial_shops, shop, shop,
          shop_statue
